 Dungeon Crawl Stone Soup version 0.23-a0-405-g368ce00 (webtiles) character file.

1495 MisterFreud the Nimble (level 8, -10/52 HPs)
             Began as an Octopode Fighter on Nov 6, 2018.
             Was an Initiate of Cheibriados.
             Mangled by an orc warrior
             ... wielding a +0 dire flail
              (15 damage)
             ... on level 6 of the Dungeon.
             The game lasted 00:13:55 (6968 turns).

MisterFreud the Nimble (Octopode Fighter)           Turns: 6968, Time: 00:13:56

Health: -10/52     AC:  1    Str: 17    XL:     8   Next: 81%
Magic:  8/8        EV: 16    Int: 13    God:    Cheibriados [......]
Gold:   303        SH: 11    Dex: 12    Spells: 7/7 levels left

rFire    . . .     SeeInvis .   a - +0 long sword
rCold    . . .     Gourm    +   b - +1 shield
rNeg     . . .     Faith    .   (helmet restricted)
rPois    .         Spirit   .   y - amulet of the gourmand
rElec    .         Reflect  .   l - ring of flight
rCorr    .         Harm     .   (no ring)
MR       .....                  (no ring)
Stlth    ++++......             (no ring)
HPRegen  0.17/turn              (no ring)
MPRegen  0.11/turn              (no ring)
                                (no ring)
                                (no ring)

@: very slightly contaminated, invisible, very slow
A: almost no armour, stealthy swim, amphibious, 8 rings, constrict 8, camouflage
1, gelatinous body 1
a: Bend Time, Renounce Religion, Evoke Flight


You were on level 6 of the Dungeon.
You worshipped Cheibriados.
Cheibriados was noncommittal.
You were not hungry.

You visited 2 branches of the dungeon, and saw 7 of its levels.

You collected 303 gold pieces.

Inventory:

Hand Weapons
 a - a +0 long sword (weapon)
Armour
 b - a +1 shield (worn)
Jewellery
 l - a ring of flight (left tentacle)
 v - an uncursed ring of fire
 x - an uncursed amulet of magic regeneration
 y - an amulet of the gourmand (around mantle)
Wands
 c - a wand of iceblast (9)
Scrolls
 e - 5 scrolls of fear
 g - a scroll of noise {unknown}
 i - a scroll of immolation {unknown}
 n - a scroll of amnesia {unknown}
 p - a scroll of enchant armour
 q - a scroll of teleportation {unknown}
 r - a scroll of fog {unknown}
 u - 3 scrolls of remove curse
 w - 3 scrolls of blinking {unknown}
Potions
 f - a potion of ambrosia {unknown}
 h - 2 potions of flight
 k - a potion of resistance {unknown}
 m - a potion of agility
 o - 2 potions of magic {unknown}
 s - 2 potions of curing
 t - a potion of invisibility
 z - 3 potions of degeneration
 B - a potion of heal wounds {unknown}
Comestibles
 d - 9 rations


   Skills:
 - Level 3.0 Fighting
 - Level 2.0 Long Blades
 + Level 8.8 Dodging
 - Level 6.0 Stealth
 - Level 6.0 Shields


You had 7 spell levels left.
You didn't know any spells.
Your spell library contained the following spells:

 Spells                   Type           Power        Failure   Level  Hunger
 Stone Arrow              Conj/Erth      #.....       96%         3    ####...
 Teleport Other           Tloc           #.......     96%         3    ####...
 Fulminant Prism          Conj/Hex       #.........   100%        4    #####..
 Iskenderun's Mystic Bla  Conj           #.......     100%        4    #####..


Dungeon Overview and Level Annotations

Branches:
Dungeon (6/15)             Temple (1/1) D:6

Altars:
Ashenzari
Cheibriados
Dithmenos
Elyvilon
Fedhas
Gozag
Hepliaklqana
Kikubaaqudgha
Makhleb
Nemelex Xobeh
Okawaru
Qazlal
Ru
Sif Muna
Trog
Uskayaw
Vehumet
Wu Jian
Xom
Zin
The Shining One

Shops:
D:4 %

Annotations:
D:4 3 runed doors, Grunt's ghost, amateur DsMo; Pikel


Innate Abilities, Weirdness & Mutations

You cannot wear most types of armour.
You are very stealthy in the water. (Stealth+)
You are amphibious.
You can wear up to eight rings at the same time.
You can use your tentacles to constrict eight enemies at once.
Your skin changes colour to match your surroundings (Stealth+).
Your rubbery body absorbs attacks. (AC +1, EV +1)


Message History

You hit the orc warrior. You grab the orc warrior. You squeeze the orc warrior.
The orc warrior is moderately wounded.
You constrict the orc warrior.
The orc warrior hits you with a +0 dire flail!!
* * * LOW HITPOINT WARNING * * *
You hit the orc warrior.
The orc warrior is severely wounded.
You constrict the orc warrior, but do no damage.
The orc warrior hits you with a +0 dire flail!
* * * LOW HITPOINT WARNING * * *
You feel better.
You constrict the orc warrior. The orc warrior barely misses you.
You fade into invisibility!
You constrict the orc warrior. You block the orc warrior's attack.
You are very lightly contaminated with residual magic.
You release your grip on the orc warrior.
The orc warrior hits you with a +0 dire flail!
* * * LOW HITPOINT WARNING * * *
The orc warrior hits you with a +0 dire flail!
You die...

###############
#.......@o.oo.#
#.###########.#
#.# #.# #.# #o#
#.# #o# #.#
#########)# #.#
#.......#.#
#.###.##### #.#
#######'#.......#
#.#


You could see an orc warrior and 2 orcs.

Vanquished Creatures
  An ice beast (D:6)
  2 slaves (D:4)
  A phantom (D:4)
  Blork the orc (D:4)
  3 bullfrogs (D:6)
  A scorpion (D:5)
  A howler monkey (D:6)
  2 crimson imps (D:5)
  A centaur zombie (D:6)
  3 orc priests
  Crazy Yiuf (D:3)
  A hound (D:6)
  3 jellies
  Natasha (twice) (D:2)
  An iguana (D:4)
  5 orc wizards
  4 worker ants
  Robin (D:2)
  8 adders
  2 river rats (D:4)
  8 oozes
  5 worms
  3 dart slugs
  6 leopard geckos
  24 orcs
  3 ball pythons
  9 bats
  4 giant cockroaches
  21 goblins
  11 hobgoblins
  10 jackals
  11 kobolds
  6 quokkas
  7 frilled lizards
  A leopard gecko skeleton (D:4)
  13 rats
186 creatures vanquished.

Vanquished Creatures (others)
  2 fungi (D:2)
  5 toadstools (D:2)
7 creatures vanquished.

Grand Total: 193 creatures vanquished

Notes
Turn   | Place    | Note
-------+----------+-------------------------------------------
     0 | D:1      | MisterFreud the Octopode Fighter began the quest for the
                  | Orb.
     0 | D:1      | Reached XP level 1. HP: 16/16 MP: 1/1
    18 | D:1      | Reached skill level 1 in Stealth
    24 | D:1      | Reached XP level 2. HP: 12/21 MP: 2/2
   455 | D:1      | Reached XP level 3. HP: 23/26 MP: 3/3
   782 | D:2      | Noticed Robin
  1082 | D:2      | Noticed Natasha
  1087 | D:2      | Killed Natasha
  1087 | D:2      | Reached skill level 5 in Stealth
  1087 | D:2      | Reached XP level 4. HP: 22/31 MP: 4/4
  1231 | D:2      | Killed Robin
  1234 | D:2      | Reached XP level 5. HP: 25/36 MP: 5/5
  1688 | D:2      | Noticed Natasha
  1699 | D:2      | Killed Natasha
  1889 | D:2      | Reached XP level 6. HP: 31/42 MP: 6/6
  1937 | D:2      | Reached skill level 5 in Shields
  1942 | D:2      | Identified Sif Muna's Tome of Twisted Attacks
  2031 | D:3      | Found a shattered altar of Ashenzari.
  2163 | D:3      | Found a stormy altar of Qazlal.
  2163 | D:3      | Found a hazy altar of Hepliaklqana.
  2607 | D:3      | Found a runed door.
  2776 | D:3      | Noticed Crazy Yiuf
  2782 | D:3      | Killed Crazy Yiuf
  3010 | D:4      | Found a runed gate.
  3011 | D:4      | Found a runed gate.
  3011 | D:4      | Found an opulent altar of Gozag.
  3028 | D:4      | Found a runed gate.
  3092 | D:4      | Noticed a slave
  3092 | D:4      | Noticed a slave
  3093 | D:4      | Noticed a slave
  3094 | D:4      | Noticed Pikel
  3094 | D:4      | Noticed a slave
  3132 | D:4      | Killed a slave
  3135 | D:4      | Killed a slave
  3154 | D:4      | Reached XP level 7. HP: 23/46 MP: 7/7
  3411 | D:4      | Reached skill level 4 in Dodging
  3479 | D:4      | Noticed Blork the orc
  3485 | D:4      | Killed Blork the orc
  3485 | D:4      | Reached skill level 5 in Dodging
  3622 | D:4      | Noticed Grunt's ghost (amateur DsMo)
  3800 | D:4      | Found Uhugibbu's Food Boutique.
  3935 | D:4      | Found a blossoming altar of Fedhas.
  4261 | D:5      | Entered Level 5 of the Dungeon
  5006 | D:5      | Reached skill level 6 in Dodging
  5009 | D:5      | Reached XP level 8. HP: 24/52 MP: 8/8
  5680 | D:5      | Reached skill level 7 in Dodging
  6040 | D:6      | HP: 1/52 [ice beast (13)]
  6487 | D:6      | Reached skill level 8 in Dodging
  6671 | D:6      | Found a staircase to the Ecumenical Temple.
  6679 | Temple   | Entered the Ecumenical Temple
  6840 | Temple   | Became a worshipper of Cheibriados the Contemplative
  6958 | D:6      | HP: 2/52 [orc warrior/+0 dire flail (13)]
  6968 | D:6      | Mangled by an orc warrior

Vault maps used:
D:1:      lightli_arrival_statue_moat, st_stairs_9,
          chequers_serial_rivers_micro_c
D:2:      cheibrodos_fertilizer, uniq_natasha, uniq_robin
D:3:      gammafunk_temple_overflow_elements, ashenzari_altar_1,
          uniq_crazy_yiuf_cottage
D:4:      portal_sewer_entry_e, first_ration, serial_shops,
          nicolae_shop_waterfront, ebering_ghost_gozag, abandoned_shop,
          fedhas_altar_1, uniq_blork_the_orc, uniq_pikel
D:6:      minmay_temple_entry_hall
Temple:   dpeg_five_rooms_temple

Skill      XL: |  1  2  3  4  5  6  7  8 |
---------------+-------------------------+-----
Stealth        | 2 3 5 6 |  6.0
Shields        | 4 6 |  6.0
Dodging        | 6 8 |  8.8
Fighting       | |  3.0
Long Blades    | |  2.0

Action                   |  1- 3 |  4- 6 |  7- 9 || total
-------------------------+-------+-------+-------++-------
Melee: Long sword        |    57 |   160 |   173 ||   390
       Constrict         |    19 |    40 |    54 ||   113
       Tentacles         |     8 |    38 |    49 ||    95
  Use: Potion            |       |       |     5 ||     5
       Scroll            |       |       |     7 ||     7
 Stab: Sleeping          |    10 |    23 |    13 ||    46
       Distracted        |       |     2 |       ||     2
  Eat: Chunk             |       |     7 |    15 ||    22
Armor: Skin              |     3 |     7 |     2 ||    12
Dodge: Dodged            |    26 |    60 |    80 ||   166
Block: Shield            |    29 |    60 |    87 ||   176
       Rpst.: Long sword |    11 |    21 |    23 ||    55

Table legend:
 A = Non-vault XP
 B = Vault XP
 C = Vault XP percentage of total XP
 D = Non-vault monster count
 E = Vault monster count
 F = Vault count percentage of total count
                 A         B        C        D         E       F
            +---------+---------+-------+---------+---------+-------
      Total |    1747 |     389 |  18.2 |     145 |      39 |  21.2
            +---------+---------+-------+---------+---------+-------
        D:1 |      47 |       6 |  11.3 |      26 |       3 |  10.3
        D:2 |     115 |     203 |  63.8 |      26 |      25 |  49.0
        D:3 |     146 |      44 |  23.2 |      28 |       2 |   6.7
        D:4 |     268 |     136 |  33.7 |      16 |       9 |  36.0
        D:5 |     451 |       0 |   0.0 |      28 |       0 |   0.0
        D:6 |     720 |       0 |   0.0 |      21 |       0 |   0.0
            +---------+---------+-------+---------+---------+-------
